 Dungeon Crawl Stone Soup version 0.18.1-50-g88ac8fd (webtiles) character file.

631 magog001 the Covered (level 7, -4/62 HPs)
             Began as a Minotaur Fighter on Oct 30, 2017.
             Slain by a slave (6 damage)
             ... led by Pikel
             ... on level 3 of the Dungeon.
             The game lasted 00:17:07 (3140 turns).

magog001 the Covered (Minotaur Fighter)             Turns: 3140, Time: 00:17:07

Health: -4/62      AC:  7    Str: 22    XL:     7   Next: 24%
Magic:  6/6        EV:  9    Int:  5    God:
Gold:   167        SH:  0    Dex: 10    Spells: 0 memorised, 6 levels left

rFire  . . .     SeeInvis +     u - +0 scythe (venom)
rCold  . . .     Gourm    .     b - +0 scale mail
rNeg   . . .     Faith    .     (shield currently unavailable)
rPois  .         Spirit   .     (helmet restricted)
rElec  .         Dismiss  .     (no cloak)
rCorr  .         Reflect  .     (no gloves)
SustAt .         Harm     .     (no boots)
MR     .....                    (no amulet)
Stlth  +.........               p - ring of see invisible
                                q - ring of stealth

@: flying, not resistant to hostile enchantments, very unstealthy
A: retaliatory headbutt, horns 2
a: no special abilities


You were on level 3 of the Dungeon.
You were not hungry.

You visited 1 branch of the dungeon, and saw 4 of its levels.

You collected 167 gold pieces.

Inventory:

Hand Weapons
 a - a +0 war axe
 f - a +0 blowgun
 u - a +0 scythe of venom (weapon)
Missiles
 e - 24 sling bullets
 m - 49 poisoned needles
 s - 2 tomahawks (quivered)
Armour
 b - a +0 scale mail (worn)
 c - a +0 shield
Jewellery
 g - an uncursed ring of resist corrosion
 n - an uncursed ring of protection from cold
 p - a ring of see invisible (right hand)
 q - a ring of stealth (left hand)
Wands
 d - a wand of random effects (24/48)
Scrolls
 i - 2 scrolls of blinking {unknown}
 j - a scroll of enchant weapon {unknown}
 k - a scroll of amnesia {unknown}
 r - a scroll of remove curse
 v - a scroll of fog {unknown}
 x - a scroll of identify {unknown}
 y - a scroll of recharging {unknown}
Potions
 l - a potion of degeneration {unknown}
Comestibles
 h - 5 meat rations
 t - a beef jerky
 w - 5 chunks of flesh


   Skills:
 + Level 5.7 Fighting
 - Level 4.8(5.1) Axes
 * Level 2.4(3.9) Polearms
 + Level 6.3 Armour
 + Level 1.1 Stealth
 - Level 5.0 Shields


You had 6 spell levels left.
You didn't know any spells.

Dungeon Overview and Level Annotations

Branches:
Dungeon (4/15)
 Temple: D:4-7

Altars:
Elyvilon
Qazlal

Annotations:
D:4 Pikel


Innate Abilities, Weirdness & Mutations

You reflexively headbutt those who attack you in melee.
You have a pair of horns on your head.


Message History

There is a stone staircase leading down here.
Drink which item? (? for menu, Esc to quit)
It was a potion of flight.
You feel very buoyant.
You fly up into the air.
You kill the ogre!
Your base Polearms skill increases to level 2!
The slave barely misses you.
You slash the slave!
The slave is poisoned.
The slave is moderately wounded.
The slave barely misses you. x2
You hit the slave.
The slave looks even sicker.
The slave is heavily wounded.
The slave hits you but does no damage. x2
You miss the slave.
The slave is heavily wounded.
The slave hits you.
* * * LOW HITPOINT WARNING * * *
The slave hits you.
You die...

.......####..(.#######....####...
......)#...[######## ###...# ####
.....)...##..###...## ##..#####.
......######.##.....## ##.......
.......# #.#.......# #..##...
.......# #.........# ##....##
.......# ###.......# ####..####
.......# ##..p..## #.....# #
.......# ##)@....###.###.# ##
......## #...........# #.###.
.....## #..........####.....
##.### #.......##.......### #.#
##.....###...###.# # ##.#
##.....####.#...#.# # ...##
#...........###.#.### ....##
###........####....## .รท)..#
##...######...)###....


You could see a slave.

Vanquished Creatures
  Sigmund (D:3)
  Edmund (D:4)
  An ogre (D:3)
  A hound (D:3)
  Ijyb (D:3)
  6 adders
  4 gnolls (D:3)
  4 oozes
  6 worms
  2 dart slugs
  3 giant geckos
  An orc (D:3)
  2 ball pythons
  3 giant cockroaches
  5 goblins
  6 hobgoblins
  7 jackals (D:1)
  11 bats
  A giant newt (D:1)
  9 kobolds
  7 rats
82 creatures vanquished.

Notes
Turn   | Place    | Note
--------------------------------------------------------------
     0 | D:1      | magog001 the Minotaur Fighter began the quest for the Orb.
     0 | D:1      | Reached XP level 1. HP: 19/19 MP: 0/0
   168 | D:1      | Reached XP level 2. HP: 26/27 MP: 1/1
   461 | D:1      | Reached skill level 4 in Armour
   664 | D:1      | Reached XP level 3. HP: 33/33 MP: 2/2
  1149 | D:2      | Reached XP level 4. HP: 36/40 MP: 3/3
  1461 | D:2      | Found a faded altar to an unknown god.
  1485 | D:2      | Found a white marble altar of Elyvilon.
  1834 | D:2      | Found a stormy altar of Qazlal.
  2269 | D:3      | Noticed Sigmund
  2283 | D:3      | Killed Sigmund
  2283 | D:3      | Reached skill level 5 in Fighting
  2283 | D:3      | Reached skill level 5 in Armour
  2283 | D:3      | Reached skill level 5 in Shields
  2283 | D:3      | Reached XP level 5. HP: 27/48 MP: 4/4
  2283 | D:3      | Reached XP level 6. HP: 31/56 MP: 5/5
  2910 | D:3      | Reached skill level 1 in Stealth
  3010 | D:3      | Noticed Ijyb
  3019 | D:3      | Killed Ijyb
  3044 | D:3      | Reached skill level 1 in Polearms
  3123 | D:4      | Noticed Edmund
  3126 | D:4      | Noticed a slave
  3127 | D:4      | Noticed a slave
  3128 | D:4      | Noticed Pikel
  3129 | D:4      | Noticed a slave
  3131 | D:4      | Killed Edmund
  3131 | D:4      | Reached skill level 6 in Armour
  3131 | D:4      | Reached XP level 7. HP: 58/61 MP: 6/6
  3140 | D:3      | HP: 2/62 [slave[Pikel] (6)]
  3140 | D:3      | Slain by a slave

Skill      XL: |  1  2  3  4  5  6  7 |
---------------+----------------------+-----
Fighting       | 4 5 |  5.7
Shields        | 4 5 |  5.0
Armour         | 4 5 6 |  6.3
Axes           | 3 4 |  4.8
Stealth        | 1 |  1.1
Polearms       | 1 2 |  2.4

Action                   |  1- 3 |  4- 6 |  7- 9 || total
-------------------------+-------+-------+-------++-------
Melee: War axe           |    86 |    87 |       ||   173
       Headbutt          |    18 |    26 |     1 ||    45
       Scythe            |       |    44 |     4 ||    48
Throw: Tomahawk          |       |     2 |       ||     2
  Use: Potion            |       |     3 |     1 ||     4
       Scroll            |       |     1 |       ||     1
  Eat: Bread ration      |     1 |       |       ||     1
       Chunk             |       |     3 |       ||     3
Armor: Scale mail        |    36 |    80 |     3 ||   119
Dodge: Dodged            |    30 |    83 |     3 ||   116
Block: Shield            |    54 |    46 |       ||   100
